Map: Catalyst LE

Players

Japlin

  • Race: Terran Terran
  • League: Master
  • Spawn Location: 11:00

NORTHAMERICA - Winner!

  • Race: Protoss Protoss
  • League: Grandmaster
  • Spawn Location: 5:00

VOD

Have the link to the VOD?

Description

Time

  • Played on: Aug. 6, 2018, 6:26 a.m.
  • Length: 12:55
Show
View Real Time Build Order
Export as new Build Order

Japlin Terran 

Build Orders: MMM Bio 

Get SALT Encoding   

  12  0:00  SCV  
  13  0:13  SCV  
  14  0:18  Supply Depot  
  14  0:25  SCV  
  15  0:39  SCV  
  15  0:41  Barracks  
  16  0:46  Refinery  
  16  0:51  SCV  
  17  0:59  Barracks  
  18  1:04  SCV  
  18  1:17  SCV  
  19  1:28  Marine  
  19  1:30  Orbital Command  
  20  1:36  Supply Depot  
  20  1:46  Marine  
  21  1:52  Factory  
  21  1:53  Marine  
  22  1:58  SCV  
  23  2:09  Barracks Reactor  
  23  2:10  SCV  
  23  2:12  Marine  
  25  2:17  Supply Depot  
  25  2:22  SCV  
  26  2:30  Barracks Tech Lab  
  26  2:34  SCV  
  29  2:51  Widow Mine  
  29  2:52  Marine x3  
  29  2:53  SCV  
  33  2:59  Stimpack  
  33  3:01  Supply Depot  
  33  3:06  SCV  
  33  3:10  Marine x3  
  39  3:27  Marine x2, Bunker  
  39  3:28  Marine  
  39  3:33  SCV  
  41  3:35  Supply Depot  
  41  3:40  Starport  
  39  3:45  SCV  
  39  3:52  Marine x3  
  39  3:55  Command Center  
  42  3:58  SCV  
  40  4:10  Marine x3, SCV  
  44  4:18  Refinery  
  44  4:20  Barracks  
  44  4:21  Medivac  
  47  4:24  SCV  
  47  4:33  Marine  
  47  4:34  Marine  
  47  4:35  Marauder  
  51  4:38  SCV  
  51  4:44  Engineering Bay  
  52  4:49  Supply Depot  
  52  4:50  SCV  
  53  4:56  Medivac  
  55  5:05  Concussive Shells  
  55  5:06  Marine x2  
  57  5:08  Marine x2  
  59  5:20  SCV  
  60  5:22  Refinery  
  60  5:24  Terran Infantry Weapons Level 1, Marine  
  61  5:32  Orbital Command  
  61  5:33  Starport Reactor  
  61  5:37  Marauder  
  61  5:38  SCV  
  64  5:46  Barracks Tech Lab, Marine  
  64  5:51  SCV  
  64  5:55  Marine  
  62  5:59  Marauder  
  62  6:03  SCV  
  64  6:04  SCV  
  64  6:06  Marine  
  64  6:07  Combat Shields, Marauder  
  68  6:15  SCV, Supply Depot  
  68  6:16  SCV, Missile Turret  
  70  6:22  Marauder  
  70  6:25  Marine x2  
  74  6:27  SCV  
  74  6:29  SCV  
  76  6:34  Medivac  
  76  6:37  Marauder, Medivac  
  82  6:40  Supply Depot  
  82  6:41  SCV  
  82  6:46  Marine x2  
  85  6:48  SCV  
  85  6:52  Marauder  
  85  6:54  SCV  
  84  6:58  Marine  
  79  7:04  Marine  
  79  7:05  Command Center  
  80  7:11  Marine  
  80  7:13  Marauder  
  80  7:14  SCV x2, Supply Depot  
  85  7:19  Terran Infantry Armor Level 1, Engineering Bay  
  85  7:22  Marauder  
  87  7:28  SCV, Supply Depot  
  88  7:30  SCV  
  88  7:35  Marine x2  
  91  7:38  Marauder  
  91  7:40  SCV  
  94  7:57  Barracks  
  80  8:00  Barracks  
  75  8:06  Marine x2  
  75  8:07  SCV x2, Marauder x2  
  75  8:10  Medivac  
  85  8:13  Supply Depot  
  85  8:18  Orbital Command  
  85  8:24  Ghost Academy  
  85  8:25  Marine x2  
  87  8:27  SCV  
  87  8:28  Marauder  
  87  8:30  SCV  
  89  8:39  Marauder  
  91  8:44  Armory  
  91  8:45  Marine  
  91  8:46  Marine  
  91  8:47  Barracks Tech Lab  
  93  8:50  Marauder  
  93  8:51  Barracks Tech Lab  
  93  8:52  Orbital Command, Barracks Reactor  
  93  8:54  SCV  
  96  8:59  SCV  
  96  9:00  Ghost  
  99  9:03  Marine x2  
  101  9:10  Ghost  
  101  9:15  SCV x2  
  105  9:17  Marauder  
  105  9:19  SCV  
  105  9:27  Marine, SCV  
  105  9:28  Marine, Medivac  
  105  9:29  Marauder  
  100  9:36  Marine x2  
  94  9:38  Marauder  
  94  9:40  Marauder, Terran Infantry Weapons Level 2  
  94  9:41  Terran Infantry Armor Level 2  
  96  9:52  Marine x2  
  96  9:53  Marauder  
  96  10:00  SCV  
  96  10:02  Marine x2  
  96  10:03  Marauder  
  96  10:04  Marauder  
  96  10:05  SCV x2  
  104  10:08  Refinery  
  104  10:11  Marine x2  
  108  10:14  Marauder  
  108  10:15  Sensor Tower  
  108  10:19  Terran Ship Weapons Level 1  
  106  10:35  Marine x4  
  94  10:36  Marauder x3  
  94  10:37  SCV x3  
  100  10:49  SCV  
  99  10:52  Marine x2  
  78  10:57  Marauder  
  78  10:59  Marine x2  
  78  11:00  Marauder x2  
  78  11:01  SCV x2  
  82  11:04  Medivac x2  
  85  11:14  Marine x2  
  85  11:15  SCV  
  85  11:17  Marine  
  85  11:18  Marine, Marauder  
  84  11:21  Marauder x2  
  84  11:24  SCV  
  79  11:27  SCV  
  78  11:34  Marine x2  
  78  11:36  SCV  
  75  11:40  Marauder  
  75  11:45  Marine x3  
  75  11:46  Orbital Command, Marauder  
  74  11:47  Liberator  
  74  11:48  Liberator  
  74  11:54  Marine x2  
  70  12:01  Marauder  
  70  12:04  Marauder  
  78  12:13  SCV x3  
  81  12:18  Marine x3  
  81  12:19  Marine  
  85  12:28  SCV x2  
  87  12:31  Refinery  
Show
View Real Time Build Order
Export as new Build Order

NORTHAMERICA Protoss - Winner!

Build Orders: 1 Gate Expand 

Get SALT Encoding   

  12  0:01  Probe  
  13  0:13  Probe  
  14  0:20  Pylon  
  14  0:25  Probe  
  15  0:36  Probe  
  15  0:42  Gateway  
  16  0:44  Probe  
  17  0:51  Assimilator  
  17  0:52  Probe  
  18  1:04  Probe  
  19  1:16  Probe  
  20  1:26  Nexus  
  20  1:36  Cybernetics Core  
  20  1:45  Probe  
  20  1:46  Assimilator  
  21  1:51  Pylon  
  21  1:58  Pylon  
  21  2:01  Probe  
  21  2:03  Stalker  
  21  2:12  Warp Gate  
  23  2:16  Probe  
  23  2:19  Shield Battery  
  24  2:24  Stalker  
  24  2:28  Probe  
  27  2:40  Probe  
  28  2:51  Robotics Facility  
  28  2:54  Stalker  
  28  2:56  Shield Battery  
  30  3:10  Pylon  
  27  3:23  Probe  
  27  3:25  Stalker  
  30  3:27  Probe  
  30  3:32  Immortal  
  31  3:47  Probe  
  36  3:53  Probe  
  37  3:59  Probe  
  38  4:08  Observer  
  38  4:13  Probe  
  38  4:19  Gateway  
  38  4:27  Observer  
  38  4:29  Stalker  
  38  4:31  Probe  
  41  4:33  Probe  
  43  4:43  Probe  
  44  4:45  Probe  
  45  4:53  Sentry, Probe  
  45  4:57  Probe  
  49  5:01  Probe  
  49  5:05  Immortal  
  54  5:10  Gateway  
  54  5:13  Pylon  
  54  5:17  Assimilator  
  54  5:26  Pylon  
  54  5:31  Assimilator, Probe x2  
  54  5:35  Immortal, Stalker x2  
  60  5:43  Probe x2  
  60  5:47  Cybernetics Core  
  66  5:55  Probe  
  65  5:59  Probe  
  66  6:05  Robotics Bay  
  66  6:07  Probe  
  67  6:11  Probe  
  68  6:21  Probe  
  68  6:25  Observer, Pylon  
  69  6:27  Twilight Council  
  69  6:30  Pylon  
  70  6:40  Nexus  
  70  6:42  Pylon  
  70  6:44  Disruptor  
  69  6:48  Stalker x3  
  68  6:59  Probe  
  66  7:01  Probe  
  66  7:06  Blink  
  66  7:11  Sentry  
  66  7:12  Probe  
  66  7:13  Observer, Stalker  
  71  7:17  Disruptor, Probe  
  71  7:19  Gateway  
  71  7:20  Gateway  
  75  7:30  Nexus  
  75  7:33  Pylon  
  75  7:37  Probe  
  75  7:43  Pylon, Stalker  
  75  7:44  Stalker  
  79  7:51  Forge  
  79  7:55  Adept  
  79  7:57  Disruptor  
  71  8:08  Probe  
  71  8:09  Probe  
  71  8:11  Protoss Ground Weapons Level 1  
  73  8:18  Stalker x3  
  73  8:19  Nexus  
  78  8:20  Probe  
  79  8:28  Pylon  
  77  8:35  Probe  
  77  8:36  Sentry  
  80  8:42  Disruptor  
  80  8:43  Adept  
  80  8:44  Adept  
  87  8:49  Adept x2  
  87  8:50  Shield Battery  
  87  8:52  Probe  
  87  8:53  Probe  
  93  9:04  Probe  
  93  9:05  Stalker x3  
  96  9:12  Disruptor  
  96  9:15  Adept x2  
  97  9:36  Probe  
  97  9:37  Stalker x4  
  106  9:41  Probe  
  106  9:42  Assimilator  
  107  9:46  Assimilator, Observer  
  107  9:52  Probe  
  100  9:53  Probe  
  100  9:58  Probe  
  100  9:59  Disruptor  
  102  10:02  Stalker x2  
  102  10:03  Stalker x2  
  108  10:12  Probe  
  112  10:16  Adept  
  108  10:35  Disruptor  
  109  10:36  Probe  
  109  10:39  Adept x3  
  115  10:46  Pylon  
  115  10:48  Pylon  
  115  10:49  Pylon  
  101  11:04  Stalker x3  
  101  11:05  Stalker x2  
  101  11:06  Nexus  
  109  11:17  Disruptor  
  110  11:24  Probe  
  111  11:26  Pylon  
  111  11:28  Dark Shrine  
  111  11:30  Stalker x3  
  111  11:31  Stalker x2  
  119  11:52  Disruptor  
  112  11:55  Stalker x3  
  112  11:56  Stalker x2  
  122  12:22  Stalker x4  
  128  12:23  Stalker  
  132  12:30  Nexus  
  132  12:42  Nexus  
Tags
 
Composition
MMM Bio
Matchup
PvT
Spawn Locations
Cross Positions
Add a new tag
Caveats
  • Supply blocks, unpowered buildings, or Contaminate may cause inaccurate times.
  • Supply counts are checked every 10 seconds.